 Dungeon Crawl Stone Soup version 0.31.0-12-g77e489cdc1 (webtiles) character file.

Game seed: 13137037957878865676

17 Cheops the Ruffian (level 2, -6/18 HPs)
             Began as an Octopode Shapeshifter on Feb 24, 2024.
             Mangled by a kobold
             ... wielding a +3 whip of electrocution
              (20 damage)
             ... on level 1 of the Dungeon.
             The game lasted 00:00:24 (509 turns).

Cheops the Ruffian (Octopode Shapeshifter)           Turns: 509, Time: 00:00:24

Health: -6/18      AC:  1    Str: 13    XL:     2   Next: 62%
Magic:  2/2        EV: 13    Int: 12    God:
Gold:   65         SH:  0    Dex: 11    Spells: 1/1 levels left

rFire   . .          .
                       - Unarmed
rCold   . . .        (no shield)
rNeg    . . .        (helmet currently unavailable)
rPois   .            (no amulet)
rElec   .            (no ring)
rCorr   .            (no ring)
SInv    .            (no ring)
Will    .....        (no ring)
Stlth   ++           (no ring)
HPRegen 0.23/turn    (no ring)
MPRegen 0.08/turn    (no ring)
                     (no ring)

%: no passive effects
@: beast-form
A: beast (slay +1), almost no armour, amphibious, 8 rings, camouflage 1,
gelatinous body 1, (nimble swimmer 1), tentacles
a: Begin Untransformation


You were on level 1 of the Dungeon.
You were a hulking beast.
You visited 1 branch of the dungeon, and saw 1 of its levels.

You collected 65 gold pieces.

Inventory:

Talismans
 b - a beast talisman
 c - a flux talisman
Scrolls
 d - a scroll of fog {unknown}
 e - a scroll of vulnerability {unknown}
Potions
 a - a potion of lignification
 f - a potion of attraction {unknown}


   Skills:
 - Level 1.0 Fighting
 - Level 2.0 Dodging
 * Level 3.6 Unarmed Combat
 + Level 3.2 Shapeshifting


You had one spell level left.
You didn't know any spells.
Your spell library contained the following spells:

 Spells                   Type           Power      Damage    Failure   Level
 Hailstorm                Conj/Ice       0%         3d5       69%         3
 Summon Ice Beast         Ice/Summ       0%         N/A       69%         3
 Sculpt Simulacrum        Ice/Alch       0%         N/A       100%        6


Dungeon Overview and Level Annotations

Branches:
Dungeon (1/15)

Altars:


Innate Abilities, Weirdness & Mutations

You are a hulking beast.
Your limbs bulge with bestial killing power. (Slay +1)
You cannot wear most types of armour.
You are amphibious.
You can wear up to eight rings at the same time.
Your skin changes colour to match your surroundings (Stealth+).
Your rubbery body absorbs attacks. (AC +1, EV +1)
((You are camouflaged when in or above water. (Stealth+)))
You have tentacles for arms and can constrict up to eight enemies at once.


Message History

No target in view!
No target in view!
No target in view!
No target in view!
No target in view!
No target in view!
No target in view!
f - a sapphire potion You see here a rat corpse.
You see here a +0 sling.
You see here a +0 sling.
There is an open door here.
You open the door.
There is an open door here.
A goblin comes into view. It is wielding a +0 club.
The goblin shouts!
A goblin is nearby!
A goblin is nearby!
A goblin is nearby!
Found a stone staircase leading down.
A kobold comes into view.
It is wielding a +3 whip of electrocution.
The goblin closely misses you.
You tentacle-slap the goblin. You grab the goblin.
The goblin is heavily wounded.
You constrict the goblin. The goblin barely misses you.
You tentacle-slap the goblin.
You kill the goblin!
A bat comes into view.
Things that are here:
a +0 club; a goblin corpse You tentacle-slap the kobold but do no damage.
Your grab misses the kobold. The kobold completely misses you.
You completely miss the bat. Your grab misses the bat. You squeeze the bat.
You kill the bat!
You tentacle-slap the kobold. Your grab misses the kobold.
The kobold is moderately wounded.
The kobold hits you with a +3 whip of electrocution.
You are electrocuted!!
Ouch! That really hurt!
You die...

##.# #.# ...# #.# #.# ##
######†## #.# #####..
#...# #.# ....... #.#.#
#.# .8..... ###...#
##.##....... ##.###.#
#...#.......
##...##.######.#.†......
...............)hK..>...
##...##.######.#........
##.#.....# #.#..8.....
####.....# #.#........
#).......# #.########.
#.##.....# #.#
#.##.....# #.#
#.######## #.# #.#


You could see a kobold.

Vanquished Creatures
  2 dart slugs (D:1)
  An endoplasm (D:1)
  A goblin (D:1)
  A hobgoblin (D:1)
  4 jackals (D:1)
  A bat (D:1)
  A frilled lizard (D:1)
  A rat (D:1)
12 creatures vanquished.

Notes
Turn   | Place    | Note
-------+----------+-------------------------------------------
     0 | D:1      | Cheops the Octopode Shapeshifter began the quest for the
                  | Orb.
     0 | D:1      | Reached XP level 1. HP: 13/13 MP: 1/1
   143 | D:1      | Reached XP level 2. HP: 11/18 MP: 2/2
   509 | D:1      | Mangled by a kobold

Illustrated notes

Levels and vault maps discovered:
D:1:      matt_arrival_diagonals, layout_loops_corners, st_stairs_1

Action                     || total
---------------------------++-------
  Melee: Unarmed           ||    18
         Constrict         ||     7
         Tentacles         ||     6
   Stab: Sleeping          ||     1
 Armour: Skin              ||     6
  Dodge: Dodged            ||    11
